 Dungeon Sprint DCSS version 0.20-a0-317-gc038824 (webtiles) character file.

447 Deathtrap2010 the Shield-Bearer (level 6, -1/68 HPs)
             Began as a Troll Fighter on Dec 20, 2016.
             Was a Priest of Jiyva.
             Slain by a kobold demonologist
             ... wielding a +0 dagger
              (3 damage)
             ... while paralysed
             ... in the Dungeon (Sprint I: "Red Sonja").
             The game lasted 00:04:44 (129 turns).

Deathtrap2010 the Shield-Bearer (Troll Fighter)      Turns: 129, Time: 00:04:46

Health: -1/68      AC: -18   Str: 32      XL:     6   Next: 73%
Magic:  5/5        EV:  1    Int:  4      God:    Jiyva [***...]
Gold:   216        SH:  0    Dex:  8 (9)  Spells: 5/5 levels left

rFire  . . .     SeeInvis .       - Unarmed
rCold  . . .     Gourm    +     a - +0 robe
rNeg   . . .     Faith    .     b - +0 shield
rPois  .         Spirit   .     (helmet restricted)
rElec  .         Reflect  .     (no cloak)
rCorr  +         Harm     .     (gloves unavailable)
MR     .....     NoTele   +     (boots unavailable)
Stlth  +.........               (no amulet)
                                (no ring)
                                (no ring)

@: paralysed, mighty, exhausted, corroded, slowed
A: unfitting armour, claws 3, fast metabolism 3, gourmand, regeneration 1,
shaggy fur 1, tough skin 2
a: Request Jelly, Renounce Religion


You were in the Dungeon.
You worshipped Jiyva.
Jiyva was most pleased with you.
You were not hungry.

You visited 1 branch You collected 216 gold pieces.

Inventory:

Armour
 a - a +0 robe (worn)
 b - a +0 shield (worn)
Potions
 e - a potion of curing
 g - a potion of haste
 h - 2 potions of magic
Comestibles
 d - 2 bread rations


   Skills:
 + Level 6.7 Fighting
 * Level 2.4 Armour
 + Level 6.5 Dodging
 + Level 6.8 Shields
 + Level 6.2 Unarmed Combat


You had 5 spell levels left.
You didn't know any spells.

Dungeon Overview and Level Annotations

Branches:
Dungeon (1/1)

Altars:
Makhleb
Xom
Jiyva
Lugonu


Innate Abilities, Weirdness & Mutations

You are too large for most types of armour.
You have claws for hands.
Your metabolism is lightning-fast.
You like to eat raw meat.
Your natural rate of healing is unusually fast.
You are covered in fur. (AC +1)
You have very tough skin. (AC +2)


Message History

You block the kobold demonologist's attack.
You scratch the rust devil but do no damage.
The rust devil is heavily wounded.
The rust devil closely misses you.
The kobold demonologist hits you with a dagger.
* * * LOW HITPOINT WARNING * * *
You scratch the rust devil but do no damage.
The rust devil is heavily wounded.
You are no longer berserk.
You pass out from exhaustion.
You feel yourself slow down.
The ynoxinul disappears in a puff of smoke!
The ufetubus disappears in a puff of smoke! x5
The kobold demonologist casts a spell.
The rust devil hits you!
* * * LOW HITPOINT WARNING * * *
The crimson imp blinks!
The crimson imp blinks!
The kobold demonologist hits you with a dagger.
You die...

#####################
.').#..'..#__#34@4§§#
.#..').#..'^5'5K#K5§#
###'#####.#_5####5§.+
#..# #### #### ####


You could see a hellwing, a rust devil, 2 kobold demonologists, a neqoxec, an
iron imp, 2 crimson imps, a shadow imp and an ufetubus.

Vanquished Creatures
  A slime creature (D)
  Sigmund (D)
  An ogre (D)
  Ijyb (D)
4 creatures vanquished.

Vanquished Creatures (others)
  A floating eye (D)
1 creature vanquished.

Grand Total: 5 creatures vanquished

Notes
Turn   | Place    | Note
-------+----------+-------------------------------------------
     0 | D        | Deathtrap2010 the Troll Fighter began the quest for the Orb.
     0 | D        | Reached XP level 1. HP: 22/22 MP: 0/0
     2 | D        | Noticed Ijyb
    15 | D        | Killed Ijyb
    15 | D        | Reached XP level 2. HP: 29/31 MP: 1/1
    19 | D        | Noticed an ogre
    25 | D        | Killed an ogre
    25 | D        | Reached XP level 3. HP: 40/40 MP: 2/2
    25 | D        | Reached XP level 4. HP: 49/49 MP: 3/3
    38 | D        | Noticed Sigmund
    45 | D        | Killed Sigmund
    45 | D        | Reached skill level 5 in Dodging
    45 | D        | Reached skill level 5 in Unarmed Combat
    45 | D        | Reached XP level 5. HP: 35/59 MP: 4/4
    60 | D        | Found a burning altar of Makhleb.
    60 | D        | Found a viscous altar of Jiyva.
    60 | D        | Found a shimmering altar of Xom.
    60 | D        | Found a corrupted altar of Lugonu.
    60 | D        | Noticed a slime creature
    70 | D        | Killed a slime creature
    70 | D        | Reached XP level 6. HP: 24/68 MP: 5/5
    80 | D        | Became a worshipper of Jiyva Jimnus the Shapeless
    88 | D        | Reached * piety under Jiyva
    92 | D        | Noticed a kobold demonologist
    92 | D        | Noticed a floating eye
   100 | D        | Noticed a rust devil
   101 | D        | Noticed a kobold demonologist
   103 | D        | Noticed a ynoxinul
   104 | D        | Killed a floating eye
   109 | D        | Noticed a rust devil
   119 | D        | Reached ** piety under Jiyva
   121 | D        | Noticed a neqoxec
   122 | D        | Reached *** piety under Jiyva
   128 | D        | HP: 1/68 [rust devil[a kobold demonologist] (10)]
   129 | D        | Noticed a hellwing
   129 | D        | Slain by a kobold demonologist

Vault maps used:
D:        dungeon_sprint_1

Skill      XL: |  1  2  3  4  5 |
---------------+----------------+-----
Fighting       | 3 4 6 |  6.7
Dodging        | 3 4 5 6 |  6.5
Shields        | 3 4 6 |  6.8
Unarmed Combat | 3 5 6 |  6.2
Armour         | 2 |  2.4

Action                   |  1- 3 |  4- 6 || total
-------------------------+-------+-------++-------
Melee: Unarmed           |    17 |    46 ||    63
Invok: Request Jelly     |       |     1 ||     1
  Use: Potion            |       |     3 ||     3
Armor: Robe              |     2 |     6 ||     8
Dodge: Dodged            |     5 |    17 ||    22
Block: Shield            |     4 |    23 ||    27
